 Seeded DCSS version 0.29.0-13-gc9e81de378 (webtiles) character file.

Game seed: 905739011755388624 (custom seed)

14299 Iusername the Severer (level 11, 0/102 HPs)
             Began as a Minotaur Fighter on Sept 9, 2022.
             Was an Elder of Makhleb.
             Succumbed to a gnoll sergeant's poison
             ... on level 11 of the Dungeon.
             The game lasted 00:22:11 (13066 turns).

Iusername the Severer (Minotaur Fighter)           Turns: 13066, Time: 00:22:11

Health: 0/102      AC: 20    Str: 25    XL:     11   Next: 86%
Magic:  1/10       EV:  8    Int: 11    God:    Makhleb [****..]
Gold:   1919       SH:  7    Dex: 18    Spells: 10/10 levels left

rFire   . . .      SeeInvis +   E - +6 hand axe of Rocofiuz {spect, *Noise Fly rPois SInv}
rCold   . . .      Faith    .   c - +0 buckler
rNeg    . . .      Spirit   +   s - +3 plate armour
rPois   +          Reflect  .   S - +0 hat "Fegues" {Regen+ Str+4}
rElec   .          Harm     .   (no cloak)
rCorr   .          Rampage  .   K - +0 pair of gloves of Inquiry {Int+4}
Will    .....                   B - +0 pair of boots
Stlth   ..........              f - amulet of guardian spirit
HPRegen 1.07/turn               N - ring of flight
MPRegen 0.12/turn               P - +6 ring of dexterity

@: lethally poisoned (0 -> 0), on berserk cooldown, flying, slowed, very slow
A: horns 2, retaliatory headbutt
a: Renounce Religion, Minor Destruction, Lesser Servant of Makhleb, Major
Destruction


You were on level 11 of the Dungeon.
You worshipped Makhleb.
Makhleb was greatly pleased with you.
You visited 1 branch of the dungeon, and saw 11 of its levels.

You collected 1919 gold pieces.

Inventory:

Hand Weapons
 E - the +6 hand axe of Rocofiuz (weapon) {spect, *Noise Fly rPois SInv}
   (You found it on level 4 of the Dungeon)

   When its wielder attacks, the weapon's spirit leaps out and strikes again.
   The spirit shares a part of any damage it takes with its wielder.
   rPois:     It protects you from poison.
   SInv:      It lets you see invisible.
   Fly:       It grants you flight.
   *Noise:    It may make noises in combat.
 M - the +10 dagger "Neso" {vorpal, rElec MP+9 Dex-2}
   (You found it on level 10 of the Dungeon)

   It inflicts extra damage upon your enemies.
   Dex:       It affects your dexterity (-2).
   rElec:     It insulates you from electricity.
   MP:        It affects your magic capacity (+9).
Missiles
 l - 8 boomerangs
 D - 11 javelins (quivered)
 J - a throwing net
Armour
 c - a +0 buckler (worn)
 s - a +3 plate armour (worn)
 B - a +0 pair of boots (worn)
 K - the +0 pair of gloves of Inquiry (worn) {Int+4}
   (You found it on level 6 of the Dungeon)

   Int:       It affects your intelligence (+4).
 S - the +0 hat "Fegues" (worn) {Regen+ Str+4}
   (You found it on level 11 of the Dungeon)

   Str:       It affects your strength (+4).
   Regen:     It increases your rate of health regeneration.
 U - a +0 pair of boots
Jewellery
 f - an amulet of guardian spirit (around neck)
 n - an amulet of the acrobat
 N - a ring of flight (left hand)
 P - a +6 ring of dexterity (right hand)
 Q - a +4 ring of evasion
Wands
 b - a wand of paralysis (19)
 r - a wand of mindburst (14)
 R - a wand of polymorph (3)
Scrolls
 h - 3 scrolls of immolation
 i - a scroll of poison {unknown}
 k - 4 scrolls of fog
 o - 3 scrolls of vulnerability {unknown}
 x - 2 scrolls of magic mapping {unknown}
 y - 5 scrolls of teleportation
 z - a scroll of blinking {unknown}
 C - 3 scrolls of noise {unknown}
 G - a scroll of enchant weapon {unknown}
 I - a scroll of silence {unknown}
 L - a scroll of amnesia {unknown}
 O - a scroll of brand weapon {unknown}
 T - a scroll of identify
Potions
 a - a potion of attraction {unknown}
 d - a potion of might
 e - 2 potions of lignification
 g - 2 potions of degeneration {unknown}
 j - a potion of cancellation {unknown}
 m - 5 potions of heal wounds
 p - 4 potions of curing
 q - a potion of flight {unknown}
 t - 2 potions of berserk rage
 u - a potion of haste {unknown}
 v - 5 potions of brilliance {unknown}
 w - a potion of resistance
 A - 2 potions of mutation {unknown}
 F - 2 potions of magic {unknown}
 H - a potion of ambrosia {unknown}


   Skills:
 + Level 11.5 Fighting
 + Level 15.3 Axes
 + Level 0.3 Throwing
 - Level 10.0 Armour
 + Level 2.5 Dodging
 + Level 3.3 Stealth
 + Level 8.9 Shields


You had 10 spell levels left.
You didn't know any spells.
Your spell library contained the following spells:

 Spells                   Type           Power      Damage    Failure   Level
 Apportation              Tloc           0%         N/A       99%         1
 Necrotise                Necr           0%         1d4       99%         1
 Summon Small Mammal      Summ           0%         N/A       99%         1
 Conjure Flame            Conj/Fire      0%         6-21      100%        3
 Ignite Poison            Fire/Tmut/Pois 0%         N/A       100%        3
 Tukima's Dance           Hex            0%         N/A       100%        3
 Fulminant Prism          Conj/Hex       0%         3d6       100%        4
 Iskenderun's Mystic Bla  Conj/Tloc      0%         2d3       100%        4
 Passage of Golubria      Tloc           0%         N/A       100%        4
 Sticky Flame             Conj/Fire      0%         2d3       100%        4
 Lee's Rapid Deconstruct  Erth           0%         3d5*      100%        5
 Yara's Violent Unravell  Hex/Tmut       0%         3d3       100%        5


Dungeon Overview and Level Annotations

Branches:
Dungeon (11/15)            Temple (0/1) D:5            Lair (0/5) D:11
    Orc: D:9-12

Altars:
Ashenzari
Dithmenos
Elyvilon
Hepliaklqana
Makhleb
Nemelex Xobeh
Qazlal
Sif Muna
Uskayaw


Innate Abilities, Weirdness & Mutations

You have a pair of horns on your head.
You reflexively headbutt those who attack you in melee.


Message History

A red film seems to cover your vision as you go berserk!
You feel yourself moving faster!
You feel mighty!
You feel sick.
You are no longer poisoned.
The gnoll sergeant hits you with a +7 vorpal spear!
* * * LOW HITPOINT WARNING * * *
x2 The gnoll sergeant hits you but does no damage.
You completely miss the gnoll sergeant.
The gnoll sergeant is heavily wounded.
The gnoll sergeant barely misses you.
The gnoll sergeant hits you from afar with a +1 spear of venom!
* * * LOW HITPOINT WARNING * * *
You closely miss the gnoll sergeant.
The gnoll sergeant is heavily wounded.
You hit the gnoll sergeant.
Your hand axe of Rocofiuz dwells on sagas on the glory of old.
You headbutt the gnoll sergeant!
The gnoll sergeant is almost dead.
You hear a shout! x7
The gnoll sergeant hits you but does no damage.
You are poisoned.
The gnoll sergeant hits you with a +7 vorpal spear!
* * * LOW HITPOINT WARNING * * *
x2 You are too injured to fight recklessly!
Unknown command.
You are too injured to fight recklessly!
Unknown command.
You are too injured to fight recklessly!
You are too berserk!
* * * LOW HITPOINT WARNING * * *
You feel sick.
You feel a strong urge to attack something.
* * * LOW HITPOINT WARNING * * *
You feel sick.
You feel your anger nearly subside.
* * * LOW HITPOINT WARNING * * *
You feel sick.
You are no longer berserk.
You are exhausted.
You feel yourself slow down.
You die...

PP..P♣ ~≈~.P .. ≈≈≈≈ ...
######~... #....#≈... .
#....#~... .. #....#~...
...############.)..#~...
#....)...go.g...@### .
#.######'o######.#
#.....o..# #.#
#........+ #.#
#.....^..# #.#
#.##############.#
#............[...###
...####.)..####....#
#..#.[..#..#.)..#~..


You could see an orc warrior, 2 gnoll sergeants and an orc wizard.

Vanquished Creatures
  Snorg (D:10)
  2 two-headed ogres
  A manticore (D:11)
  2 ugly things (D:11)
  An unseen horror (D:11)
  A kobold demonologist (D:10)
  2 hornets
  4 trolls
  A shadow (D:9)
  A hog (D:11)
  11 yaks
  2 water elementals (D:11)
  2 wyverns (D:11)
  2 vampire mosquitoes (D:10)
  2 steam dragons
  An acid dragon (D:8)
  A water moccasin (D:5)
  5 ice beasts
  6 orc warriors
  5 sky beasts
  3 black bears (D:11)
  14 centaurs
  A phantom (D:5)
  10 kobold brigands
  8 bullfrogs
  2 necrophages
  3 gnoll sergeants
  4 scorpions
  6 wights
  6 killer bees (D:9)
  A howler monkey (D:10)
  5 electric eels (D:11)
  2 jellies
  4 hounds
  6 orc priests
  4 iguanas
  7 orc wizards
  9 gnolls
  9 adders
  A shadow imp (D:7)
  A white imp (D:6)
  2 ufetubi
  2 worms
  A dart slug (D:5)
  27 orcs
  6 endoplasms
  4 giant cockroaches
  6 goblins
  11 hobgoblins
  7 jackals
  47 kobolds
  4 quokkas
  9 ball pythons
  3 bats (D:1)
  4 frilled lizards
  8 rats
300 creatures vanquished.

Vanquished Creatures (others)
  70 plants
70 creatures vanquished.

Grand Total: 370 creatures vanquished

Notes
Turn   | Place    | Note
-------+----------+-------------------------------------------
     0 | D:1      | Iusername the Minotaur Fighter began the quest for the Orb.
     0 | D:1      | Reached XP level 1. HP: 19/19 MP: 0/0
   219 | D:1      | Reached XP level 2. HP: 27/27 MP: 1/1
   651 | D:1      | Reached XP level 3. HP: 34/34 MP: 2/2
   866 | D:2      | Reached skill level 3 in Axes
  1558 | D:3      | Reached XP level 4. HP: 41/41 MP: 3/3
  1651 | D:3      | Identified a scroll of acquirement
  1651 | D:3      | Acquired 1164 gold pieces
  2164 | D:3      | Found a hide-covered altar of Uskayaw.
  2164 | D:3      | Found a burning altar of Makhleb.
  2170 | D:3      | Became a worshipper of Makhleb the Destroyer
  2913 | D:4      | Found a stormy altar of Qazlal.
  2918 | D:4      | Noticed a necrophage
  2920 | D:4      | Reached skill level 5 in Fighting
  2920 | D:4      | Reached skill level 4 in Axes
  2920 | D:4      | Reached XP level 5. HP: 37/48 MP: 4/4
  2934 | D:4      | Reached * piety under Makhleb
  2935 | D:4      | Reached XP level 6. HP: 12/56 MP: 2/5
  3280 | D:4      | Identified the +6 hand axe of Rocofiuz {spect, *Noise Fly
                  | rPois SInv}
  3557 | D:5      | Entered Level 5 of the Dungeon
  3721 | D:5      | Noticed a water moccasin
  3724 | D:5      | Killed a water moccasin
  3725 | D:5      | Reached skill level 5 in Axes
  3725 | D:5      | Reached skill level 5 in Armour
  3824 | D:5      | Noticed a sky beast
  3835 | D:5      | Killed a sky beast
  3920 | D:5      | Reached XP level 7. HP: 63/63 MP: 6/6
  4069 | D:5      | Reached skill level 6 in Axes
  4234 | D:5      | Found a staircase to the Ecumenical Temple.
  4326 | D:5      | Found a hazy altar of Hepliaklqana.
  4326 | D:5      | Found a shimmering blue altar of Sif Muna.
  4370 | D:5      | Found a sparkling altar of Nemelex Xobeh.
  4373 | D:5      | Found a stormy altar of Qazlal.
  4375 | D:5      | Found a white marble altar of Elyvilon.
  4380 | D:5      | Found a shadowy altar of Dithmenos.
  4670 | D:6      | Reached skill level 7 in Axes
  4702 | D:6      | Reached skill level 1 in Dodging
  4712 | D:6      | Reached XP level 8. HP: 64/71 MP: 5/7
  4799 | D:6      | Reached skill level 8 in Axes
  4866 | D:6      | Reached ** piety under Makhleb
  5105 | D:6      | Reached skill level 5 in Shields
  5808 | D:6      | Identified the +0 pair of gloves of Inquiry {Int+4}
  6862 | D:7      | Reached skill level 9 in Axes
  6916 | D:7      | Noticed a hornet
  6927 | D:7      | Killed a hornet
  6928 | D:7      | Reached skill level 1 in Stealth
  6928 | D:7      | Reached XP level 9. HP: 47/81 MP: 4/8
  7392 | D:7      | Reached skill level 10 in Axes
  8044 | D:7      | Reached skill level 10 in Armour
  8823 | D:8      | Reached XP level 10. HP: 90/90 MP: 9/9
  8846 | D:8      | Reached skill level 11 in Axes
  9084 | D:9      | Reached *** piety under Makhleb
  9194 | D:9      | Reached skill level 12 in Axes
  9331 | D:9      | Found a broken altar of Ashenzari.
  9851 | D:10     | Entered Level 10 of the Dungeon
  9963 | D:10     | Identified the +10 dagger "Neso" {vorpal, rElec MP+9 Dex-2}
 10003 | D:10     | Reached **** piety under Makhleb
 10016 | D:10     | Noticed a two-headed ogre
 10041 | D:10     | Killed a two-headed ogre
 10042 | D:10     | Reached skill level 10 in Fighting
 10042 | D:10     | Reached skill level 13 in Axes
 10137 | D:10     | Reached XP level 11. HP: 93/99 MP: 8/10
 10213 | D:10     | Noticed Snorg
 10222 | D:10     | Killed Snorg
 10894 | D:11     | Reached skill level 14 in Axes
 11067 | D:11     | Found a staircase to the Lair.
 11260 | D:11     | Noticed a green ugly thing
 11267 | D:11     | Killed a green ugly thing
 12601 | D:11     | Noticed a purple ugly thing
 12618 | D:11     | Killed a purple ugly thing
 12752 | D:11     | Identified the +0 hat "Fegues" {Regen+ Str+4}
 12776 | D:11     | Reached skill level 15 in Axes
 12867 | D:11     | Noticed a two-headed ogre
 12873 | D:11     | Killed a two-headed ogre
 13061 | D:11     | HP: 5/153 [gnoll sergeant/+7 vorpal spear (10)]
 13061 | D:11     | HP: 2/153 [gnoll sergeant/+7 vorpal spear (3)]
 13066 | D:11     | Succumbed to a gnoll sergeant's poison

Illustrated notes

Levels and vault maps discovered:
D:1:      spicycebolla_arrival_ecumenical, layout_basic
D:2:      layout_loops_ring, hangedman_glass_teeth, minmay_misc_feat_plants
D:3:      layout_loops_corners, nicolae_overflow_two_pavilions
D:4:      layout_cave_pools, minmay_ruined_shrine
D:5:      layout_loops_corners, nicolae_overflow_hallway_of_the_gods,
          minmay_temple_entry_wispy, serial_bayou_lagoon_b
D:6:      cheibrodos_thug_alley, layout_basic
D:7:      minmay_recursive_quarters, layout_cave_pools, kennysheep_flooded_box,
          grunt_ministairs_3
D:8:      layout_loops_cross
D:9:      layout_roguey, nicolae_ashenzari_skybound, feat_on_display
D:10:     layout_basic, uniq_snorg
D:11:     kennysheep_town, serial_shops, uniq_psyche

Skill      XL: |  1  2  3  4  5  6  7  8  9 10 11 |
---------------+----------------------------------+-----
Fighting       | 4 5 6 7 8 10 11 | 11.5
Axes           | 3 4 5 7 9 10 13 15 | 15.3
Shields        | 4 5 6 7 8 |  8.9
Armour         | 4 5 6 8 10 | 10.0
Dodging        | 1 2 |  2.5
Stealth        | 1 2 3 |  3.3
Throwing       | |  0.3

Action                   |  1- 3 |  4- 6 |  7- 9 | 10-12 || total
-------------------------+-------+-------+-------+-------++-------
Melee: War axe           |   103 |    56 |       |       ||   159
       Headbutt          |    11 |    14 |    41 |    63 ||   129
       Hand axe          |       |    26 |   169 |   295 ||   490
Throw: Javelin           |       |     1 |       |       ||     1
  Use: Scroll            |       |     1 |     4 |     5 ||    10
       Potion            |       |     1 |     4 |     3 ||     8
 Stab: Distracted        |       |       |     1 |     6 ||     7
Armor: Scale mail        |    54 |    26 |       |       ||    80
       Plate armour      |       |    15 |    98 |   153 ||   266
       Skin              |       |       |     1 |       ||     1
Dodge: Dodged            |    60 |    29 |    48 |    79 ||   216
Block: Buckler           |    18 |    20 |    33 |    75 ||   146
